 Dungeon Crawl Stone Soup version 0.25-a0-458-g6fc7858 (webtiles) character file.

Game seed: 13522809396236999362, levelgen mode: deterministic

24803 DrEnzyme the Covert (level 13, -1/63 HPs)
             Began as a Tengu Wanderer on Feb 1, 2020.
             Was an Elder of Vehumet.
             Hit by a large rock thrown by a cyclops (31 damage)
             ... on level 2 of the Orcish Mines on Feb 2, 2020.
             The game lasted 01:09:34 (23789 turns).

DrEnzyme the Covert (Tengu Wanderer)               Turns: 23789, Time: 01:09:34

Health: -1/63      AC: 11    Str: 13    XL:     13   Next: 15%
Magic:  10/28      EV: 20    Int: 18    God:    Vehumet [****..]
Gold:   1410       SH: 10    Dex: 16    Spells: 12/32 levels left

rFire    + . .     SeeInvis .   a - +1 dagger (venom)
rCold    . . .     Gourm    .   u - +0 buckler (curse)
rNeg     + . .     Faith    .   L - +0 acid dragon scales
rPois    .         Spirit   .   (helmet restricted)
rElec    .         Reflect  +   j - +2 cloak
rCorr    +         Harm     .   U - +0 pair of gloves {Dex+3}
MR       .....                  (boots unavailable)
Stlth    +++++.....             y - +5 amulet of reflection
HPRegen  0.20/turn              v - ring of positive energy
MPRegen  0.21/turn              r - ring of protection from fire

@: flying quickly and evasively, quick
A: beak, talons 3, able to fly
a: Stop Flying, Renounce Religion


You were on level 2 of the Orcish Mines.
You worshipped Vehumet.
Vehumet was greatly pleased with you.
You were not hungry.

You visited 4 branches of the dungeon, and saw 18 of its levels.
You also visited: Ossuary and Gauntlet.

You collected 1410 gold pieces.

Inventory:

Hand Weapons
 a - a +1 dagger of venom (weapon)
 b - a +2 dagger of speed
 J - a +3 short sword of flaming
Missiles
 g - 114 poisoned darts (quivered)
 h - 7 silver javelins
 K - a curare-tipped dart
Armour
 j - a +2 cloak (worn)
 u - a cursed +0 buckler (worn)
 L - +0 acid dragon scales (worn)
 N - the +3 hat of Pondering {ponderous, MR+ MP+10 Int+5}
   (You took it off Gastronok on level 9 of the Dungeon)

   It affects your intelligence (+5).
   It affects your resistance to hostile enchantments.
   It affects your magic capacity (+10).
   If you switch to wearing this armour, your AC will rise 3 points (11 -> 14)
 U - a +0 pair of gloves of dexterity (worn)
Jewellery
 o - an uncursed ring of magical power
 r - a ring of protection from fire (right hand)
 v - a ring of positive energy (left hand)
 y - a +5 amulet of reflection (around neck)
Wands
 p - a wand of iceblast (1)
 w - a wand of polymorph (5)
 C - a wand of digging (2)
 E - a wand of paralysis (6)
 M - a wand of flame (9)
 X - a wand of random effects (5)
Scrolls
 k - 10 scrolls of teleportation
 l - 2 scrolls of fear
 z - 5 scrolls of remove curse
 R - 2 scrolls of fog {unknown}
 S - 2 scrolls of blinking {unknown}
 T - a scroll of enchant weapon
 W - a scroll of holy word {unknown}
 Y - 2 scrolls of immolation {unknown}
Potions
 c - 8 potions of curing
 d - 2 potions of might
 m - 4 potions of magic
 n - 3 potions of haste
 s - 2 potions of resistance
 t - a potion of brilliance
 A - a potion of ambrosia {unknown}
 B - 3 potions of agility
 I - a potion of cancellation
 P - a potion of heal wounds
 V - a potion of mutation
 Z - a potion of invisibility {unknown}
Comestibles
 f - 13 rations
 i - 4 chunks of flesh


   Skills:
 + Level 2.4 Short Blades
 + Level 4.9 Armour
 + Level 7.9 Dodging
 * Level 12.4 Stealth
 - Level 4.6 Shields
 + Level 10.2 Spellcasting
 + Level 9.9 Conjurations
 - Level 1.3 Hexes
   Level 1.0 Transmutations
 + Level 11.3 Air Magic
 + Level 2.2 Poison Magic
 - Level 1.0 Evocations


You had 12 spell levels left.
You knew the following spells:

 Your Spells              Type           Power        Failure   Level  Hunger
a - Magic Dart            Conj           ####         1%          1    None
b - Shock                 Conj/Air       ####         1%          1    None
c - Mephitic Cloud        Conj/Pois/Air  #####...     1%          3    None
d - Blink                 Tloc           N/A          17%         2    None
e - Conjure Flame         Conj/Fire      ####....     1%          3    None
f - Poisonous Vapours     Pois/Air       ####..       1%          2    None
g - Fulminant Prism       Conj/Hex       ####......   3%          4    ###....
h - Olgreb's Toxic Radia  Pois           ###.....     12%         4    ###....

Your spell library contained the following spells:

 Spells                   Type           Power        Failure   Level  Hunger
 Static Discharge         Conj/Air       #####...     1%          3    None
 Sting                    Tmut/Pois      ###.         5%          1    None
 Corona                   Hex            ##.....      6%          1    None
 Ignite Poison            Fire/Tmut/Pois ##......     6%          3    None
 Slow                     Hex            ##......     10%         2    None
 Animate Skeleton         Necr           N/A          11%         1    None
 Apportation              Tloc           #.....       11%         1    None
 Pain                     Necr           #...         11%         1    None
 Summon Small Mammal      Summ           #...         11%         1    None
 Call Imp                 Summ           #.......     17%         2    None
 Vampiric Draining        Necr           #.........   32%         3    None
 Animate Dead             Necr           N/A          73%         4    ###....
 Agony                    Necr           #.......     97%         5    #####..


Dungeon Overview and Level Annotations

Branches:
Dungeon (11/15)            Temple (1/1) D:5            Lair (4/6) D:9
  Swamp (0/4) Lair:3          Orc (2/2) D:11            Elf (0/3) Orc:2
Ossuary (visited)         Gauntlet (visited)
  Snake: Lair:2-4    Spider: Lair:2-4

Altars:
Ashenzari
Cheibriados
Dithmenos
Elyvilon
Fedhas
Gozag
Hepliaklqana
Kikubaaqudgha
Makhleb
Nemelex Xobeh
Okawaru
Qazlal
Ru
Sif Muna
Trog
Uskayaw
Vehumet
Wu Jian
Xom
Yredelemnul
Zin
The Shining One

Shops:
D:11 [   Orc:2 :

Annotations:
D:8 exclusion: 2 howler monkeys, Erica, Psyche
D:10 exclusion: door
D:11 exclusion: ugly thing
Lair:1 exclusion: downstairs
Lair:2 exclusions: 3 blink frogs, bullfrog and hydra
Lair:3 exclusion: oklob plant


Innate Abilities, Weirdness & Mutations

You have a beak for a mouth.
You have claws for feet.
You can fly continuously.


Message History

Poisonous vapours surround the cyclops!
The cyclops seems less confused.
The cyclops is engulfed in poison gas.
The cyclops looks as sick as possible!
The cyclops throws a large rock.
The large rock hits you!
Casting: Poisonous Vapours (safe; 1% risk of failure)
Confirm with . or Enter, or press ? or * to list all spells.
Aiming: Poisonous Vapours (safe; 1% risk of failure)
Press: ? - help, Dir - move target cursor, f/p - cyclops
Aim: a cyclops, quivering a large rock (severely wounded, extremely poisoned) Poisonous vapours surround the cyclops!
Casting: Poisonous Vapours (safe; 1% risk of failure)
Confirm with . or Enter, or press ? or * to list all spells.
Aiming: Mephitic Cloud (safe; 1% risk of failure)
Press: ? - help, Shift-Dir - straight line, f/p - cyclops
Aim: a cyclops, quivering a large rock (almost dead, extremely poisoned)
The ball explodes into a vile cloud!
The stinking cloud engulfs the cyclops but does no damage.
The cyclops is almost dead.
The cyclops is engulfed in noxious fumes.
The cyclops throws a large rock.
The large rock hits you!!
You die...

## ###...## <##
#.#....## ###
..####.......###.##
..##.........#○☼..#
..##.....#...§C§.##
..)......#...○§○##
.........#......#####
......#..#..(...##..###
......#####.....@....<##
......##.#....[)†.(....#
........####..(...###.##
..).)....#..([#..## ###
...#..........####
...#.h.........#
.####.#......### ##
####...∩.## * #..)....#


You could see a cyclops.

Vanquished Creatures
  Gastronok (D:9)
  An ettin (Orc:2)
  Fannar (Lair:2)
  2 two-headed ogres
  5 death yaks (D:9)
  Pikel (D:5)
  An orc sorcerer (Orc:2)
  A cyclops (Orc:2)
  An elephant (Lair:4)
  Maggie (D:8)
  3 black mambas (Lair:4)
  4 spiny frogs
  A rime drake (Lair:4)
  A komodo dragon (Lair:1)
  2 trolls
  A polar bear (Lair:4)
  2 hornets (D:10)
  4 blink frogs (Lair:4)
  5 hippogriffs
  A shadow (D:6)
  2 wyverns
  15 yaks
  Eustachio (D:5)
  A basilisk (Lair:4)
  2 steam dragons
  A warg (Orc:2)
  Edmund (D:5)
  7 porcupines
  4 water moccasins (Lair:1)
  A black bear (D:8)
  2 sky beasts (D:10)
  3 orc warriors
  A slave (D:5)
  9 ogres
  8 centaurs
  3 crocodiles
  10 bullfrogs
  4 scorpions
  4 killer bees (D:8)
  2 howler monkeys
  2 bullfrog zombies
  7 crimson imps
  A quasit (D:7)
  3 centaur zombies
  7 hounds
  4 jellies
  A centaur skeleton (D:4)
  4 orc priests
  7 orc wizards
  Jessica (D:2)
  Ijyb (D:5)
  4 iguanas
  9 worker ants
  2 hound skeletons
  A worker ant zombie (D:11)
  7 adders
  3 shadow imps
  An adder zombie (D:9)
  3 worms
  6 leopard geckos
  36 orcs
  4 ball pythons
  3 giant cockroaches
  14 goblins
  9 hobgoblins
  12 jackals
  6 quokkas
  4 bats (D:3)
  2 frilled lizards
  8 kobolds
  A leopard gecko skeleton (D:4)
  A leopard gecko zombie (D:6)
  A quokka skeleton (D:4)
  5 rats
  A fulminant prism (Lair:4)
301 creatures vanquished.

Vanquished Creatures (others)
  A cyclops (Orc:2)
  16 fulminant prisms
  11 fungi
  3 plants (Lair:1)
31 creatures vanquished.

Grand Total: 332 creatures vanquished

Notes
Turn   | Place    | Note
-------+----------+-------------------------------------------
     0 | D:1      | DrEnzyme the Tengu Wanderer began the quest for the Orb.
     0 | D:1      | DrEnzyme set off with the following items: a +0 club, a +0
                  | robe, a ration; and the following spells available to
                  | memorise: Magic Dart, Shock, Slow, Blink, Call Imp, Conjure
                  | Flame, Static Discharge, Mephitic Cloud
     0 | D:1      | Reached XP level 1. HP: 10/10 MP: 6/6
     2 | D:1      | Learned a level 1 spell: Magic Dart
     4 | D:1      | Learned a level 1 spell: Shock
   294 | D:1      | Reached XP level 2. HP: 15/15 MP: 4/8
   788 | D:1      | Reached skill level 1 in Air Magic
   829 | D:1      | Reached XP level 3. HP: 19/19 MP: 9/9
  1546 | D:2      | Noticed Jessica
  1729 | D:2      | Killed Jessica
  1729 | D:2      | Reached skill level 1 in Dodging
  1729 | D:2      | Reached XP level 4. HP: 24/24 MP: 1/11
  2694 | D:3      | Reached skill level 2 in Stealth
  2743 | D:3      | HP: 1/24 [hobgoblin/+0 club (5)]
  3316 | D:3      | Gained mutation: You can fly continuously. [Tengu growth]
  3316 | D:3      | Reached XP level 5. HP: 18/28 MP: 8/13
  3687 | D:4      | Found a sand-covered staircase.
  3696 | Ossuary  | Entered an ossuary
  3742 | D:4      | Found an ancient bone altar of Kikubaaqudgha.
  3742 | D:4      | Noticed an ogre
  3970 | D:4      | Reached XP level 6. HP: 32/32 MP: 14/14
  4062 | D:3      | Learned a level 3 spell: Mephitic Cloud
  4065 | D:3      | Learned a level 2 spell: Blink
  4127 | D:4      | Reached skill level 3 in Stealth
  4443 | D:4      | Learned a level 3 spell: Conjure Flame
  4916 | D:5      | Entered Level 5 of the Dungeon
  4924 | D:5      | Found a hazy altar of Hepliaklqana.
  4975 | D:5      | Reached XP level 7. HP: 36/36 MP: 11/15
  5008 | D:5      | Noticed Eustachio
  5010 | D:5      | Found a staircase to the Ecumenical Temple.
  5016 | D:5      | Killed Eustachio
  5016 | D:5      | Reached skill level 4 in Stealth
  5016 | D:5      | Reached skill level 5 in Spellcasting
  5016 | D:5      | Reached skill level 5 in Conjurations
  5016 | D:5      | Noticed Edmund
  5036 | D:5      | Killed Edmund
  5149 | Temple   | Entered the Ecumenical Temple
  5808 | Temple   | Became a worshipper of Vehumet
  5857 | D:5      | Noticed Pikel
  6314 | D:5      | Killed Pikel
  6314 | D:5      | Reached skill level 6 in Stealth
  6314 | D:5      | Reached XP level 8. HP: 38/41 MP: 5/16
  6354 | D:5      | Noticed Ijyb
  6367 | D:5      | Killed Ijyb
  6419 | D:5      | Found a hide-covered altar of Uskayaw.
  6502 | D:5      | HP: 2/41 [centaur/arrow (11)]
  7428 | D:6      | Reached skill level 7 in Stealth
  7428 | D:6      | Reached skill level 5 in Air Magic
  8148 | D:6      | Reached XP level 9. HP: 45/45 MP: 18/18
  8822 | D:6      | Reached skill level 5 in Dodging
  9167 | D:7      | Reached skill level 1 in Shields
  9492 | D:7      | Reached skill level 8 in Stealth
  9628 | D:7      | Reached * piety under Vehumet
  9628 | D:7      | Offered knowledge of Foxfire by Vehumet.
  9958 | D:8      | Noticed a two-headed ogre
  9998 | D:8      | Killed a two-headed ogre
 10248 | D:7      | Learned a level 2 spell: Poisonous Vapours
 10293 | D:8      | Noticed Maggie
 10321 | D:8      | Killed Maggie
 10321 | D:8      | Reached XP level 10. HP: 50/50 MP: 17/20
 10650 | D:8      | Reached skill level 9 in Stealth
 11311 | D:8      | Noticed Erica
 11342 | D:8      | Noticed Psyche
 11684 | D:9      | Noticed a death yak
 11684 | D:9      | Noticed a death yak
 11705 | D:9      | Noticed a two-headed ogre
 11744 | D:9      | Killed a two-headed ogre
 11900 | D:9      | Noticed Gastronok
 12060 | D:9      | Killed Gastronok
 12060 | D:9      | Reached skill level 1 in Armour
 12060 | D:9      | Reached XP level 11. HP: 49/54 MP: 22/22
 12253 | D:9      | Noticed a death yak
 12332 | D:10     | Entered Level 10 of the Dungeon
 12566 | D:10     | Offered knowledge of Sandblast by Vehumet.
 12683 | D:10     | Reached ** piety under Vehumet
 13036 | D:10     | Reached skill level 10 in Stealth
 13265 | D:10     | Identified the +1 ring mail of the Eagle {Dex+3} (You found
                  | it on level 10 of the Dungeon)
 14650 | D:11     | Found Liofas's Armour Shop.
 14660 | D:11     | Noticed a cyan ugly thing
 14687 | D:11     | Found a staircase to the Orcish Mines.
 14932 | D:11     | Offered knowledge of Dazzling Flash by Vehumet.
 15063 | D:11     | Reached *** piety under Vehumet
 15828 | D:9      | Killed a death yak
 15828 | D:9      | Reached skill level 11 in Stealth
 15909 | D:9      | Noticed a death yak
 15930 | D:9      | Noticed a death yak
 15966 | D:9      | Killed a death yak
 16104 | D:9      | Killed a death yak
 16182 | D:9      | Found a staircase to the Lair.
 16410 | D:9      | Killed a death yak
 16410 | D:9      | Reached XP level 12. HP: 59/59 MP: 11/25
 16519 | D:9      | Killed a death yak
 16935 | Lair:1   | Entered Level 1 of the Lair of Beasts
 17132 | Lair:1   | Reached skill level 10 in Air Magic
 17596 | Lair:1   | You are sucked into a shaft and drop 1 floor!
 17688 | Lair:1   | Offered knowledge of Fulminant Prism by Vehumet.
 17752 | Lair:1   | Learned a level 4 spell: Fulminant Prism
 18648 | Lair:2   | Noticed an eight-headed hydra
 19252 | Lair:2   | Noticed Fannar
 19265 | Lair:2   | Killed Fannar
 19855 | Lair:3   | Learned a level 4 spell: Olgreb's Toxic Radiance
 20154 | Lair:3   | Reached skill level 1 in Poison Magic
 20415 | Lair:3   | Found a staircase to the Swamp.
 20833 | Lair:4   | Reached skill level 1 in Short Blades
 21193 | Lair:4   | Reached skill level 12 in Stealth
 21753 | Lair:4   | Noticed a seven-headed hydra
 21762 | Lair:4   | Reached **** piety under Vehumet
 22167 | Orc:1    | Entered Level 1 of the Orcish Mines
 22194 | Orc:1    | Reached XP level 13. HP: 59/63 MP: 22/27
 22595 | Orc:2    | Entered Level 2 of the Orcish Mines
 22604 | Orc:2    | Found a gate leading to a gauntlet.
 22611 | Gauntlet | Entered a Gauntlet
 22611 | Gauntlet | Found a transporter.
 22614 | Gauntlet | Found a transporter.
 22626 | Gauntlet | Found a transporter.
 22630 | Gauntlet | Found a transporter.
 22665 | Gauntlet | Found a runed translucent gate.
 22666 | Gauntlet | Found a transporter.
 22668 | Gauntlet | Found a transporter.
 22669 | Gauntlet | Found a runed translucent gate.
 22670 | Gauntlet | Found a runed translucent gate.
 22672 | Gauntlet | Found a transporter.
 22677 | Gauntlet | Noticed a green death
 22697 | Gauntlet | Found a transporter.
 22697 | Gauntlet | Found a transporter.
 22702 | Gauntlet | Found a transporter.
 22704 | Gauntlet | Found a transporter.
 22722 | Gauntlet | Found a transporter.
 22899 | Orc:2    | Reached skill level 10 in Spellcasting
 23026 | Orc:2    | Found Gigh's Book Boutique.
 23028 | Orc:2    | Noticed a stone giant
 23615 | Orc:2    | Noticed an ettin
 23641 | Orc:2    | Killed an ettin
 23789 | Orc:2    | Hit by a large rock thrown by a cyclops

Levels and vault maps discovered:
D:1:      mrwooster_arrival_statue, layout_basic
D:2:      layout_basic, uniq_jessica
D:3:      minmay_wonky_spiral, layout_basic, minmay_starry_boxes
D:4:      layout_loops_ring, kiku_gazebo_pond_becter, enter_ossuary_1
D:5:      kennysheep_steamy, layout_gridville, minmay_temple_entry_sparse_star,
          first_ration, basic_altar, lemuel_statue_altar, uniq_ijyb,
          uniq_eustachio, uniq_menkaure, uniq_edmund, uniq_pikel
D:6:      wander_river, layout_loops_corners, minmay_between
D:7:      layout_loops_cross
D:8:      layout_loops_ring, uniq_maggie, uniq_psyche, uniq_erica
D:9:      layout_loops_cross, dpeg_lair_monsters, uniq_gastronok
D:10:     layout_roguey, hangedman_little_slice_of_home, grunt_ministairs_8
D:11:     layout_basic, erik_orc_3, serial_shops,
          nicolae_shop_temple_entry_statues_fountains
Temple:   nicolae_temple_the_god_donut
Lair:1:   layout_chaotic_city
Lair:2:   layout_loops_ring, enter_volcano_2, small_statue_intersection,
          serial_bayou_shore_b, infiniplex_staircase_pool, grunt_megastairs_3,
          uniq_fannar
Lair:3:   minmay_lair_oklob_tunnel, layout_long_grid, swamp_mist,
          grunt_megastairs_4
Lair:4:   layout_cave_pods, nicolae_spider_entry_orb_guardian,
          chequers_serial_rivers_micro_d, grunt_megastairs_5
Orc:1:    layout_caves, uniq_erolcha, uniq_josephine
Orc:2:    grunt_orc_gardens, layout_diamond_mine, grunt_orc_garden,
          grunt_orc_garden, grunt_orc_garden, grunt_orc_garden,
          gauntlet_entry_generic, serial_shops, shop_coins, shop, basic_altar,
          uniq_rupert

Skill      XL: |  1  2  3  4  5  6  7  8  9 10 11 12 13 |
---------------+----------------------------------------+-----
Air Magic      | 1 2 3 4 5 6 8 9 11 | 11.3
Conjurations   | 2 3 4 5 6 7 8 9 |  9.9
Dodging        | 1 2 4 6 7 |  7.9
Stealth        | 2 3 6 7 8 9 11 12 | 12.4
Spellcasting   | 5 6 7 8 9 10 | 10.2
Shields        | 2 4 |  4.6
Armour         | 1 3 4 |  4.9
Poison Magic   | 1 2 |  2.2
Short Blades   | 2 |  2.4
Hexes          | |  1.3
Transmutations | |  1.0
Evocations     | |  1.0

Action                   |  1- 3 |  4- 6 |  7- 9 | 10-12 | 13-15 || total
-------------------------+-------+-------+-------+-------+-------++-------
Melee: Dagger            |    16 |   132 |   143 |   491 |    30 ||   812
       Club              |     1 |       |       |       |       ||     1
       Kick              |     2 |    31 |    40 |   140 |     7 ||   220
       Peck              |       |    19 |    31 |    93 |    10 ||   153
Throw: Dart              |       |    23 |    31 |    56 |       ||   110
 Cast: Magic Dart        |    48 |    24 |    28 |    29 |       ||   129
       Shock             |    13 |     3 |    37 |    97 |       ||   150
       Mephitic Cloud    |       |     5 |    14 |    42 |     7 ||    68
       Conjure Flame     |       |     2 |       |    12 |       ||    14
       Poisonous Vapours |       |       |       |   119 |    31 ||   150
       Blink             |       |       |       |     7 |       ||     7
       Fulminant Prism   |       |       |       |    17 |       ||    17
       Olgreb's Toxic Ra |       |       |       |       |     5 ||     5
 Abil: Fly               |       |     1 |       |     1 |       ||     2
       Stop Flying       |       |       |       |     1 |       ||     1
Evoke: Wand              |       |       |     4 |    11 |       ||    15
  Use: Scroll            |     2 |    11 |     3 |     5 |     2 ||    23
       Potion            |       |     2 |     1 |    10 |       ||    13
 Stab: Sleeping          |     1 |     3 |     8 |    16 |       ||    28
       Confused          |       |     3 |    10 |    21 |     1 ||    35
       Paralysed         |       |       |       |     2 |       ||     2
       Distracted        |       |       |       |     1 |       ||     1
  Eat: Chunk             |     2 |    10 |    11 |    20 |     2 ||    45
       Ration            |       |       |     2 |     5 |     1 ||     8
Armor: Robe              |     3 |    37 |     8 |       |       ||    48
       Steam dragon scal |       |       |    49 |       |       ||    49
       Acid dragon scale |       |       |       |    96 |     1 ||    97
Dodge: Dodged            |     5 |    98 |   120 |   267 |    16 ||   506
Block: Other             |       |       |       |    16 |       ||    16
       Buckler           |       |       |       |   147 |    10 ||   157
       Reflection        |       |       |       |     1 |     4 ||     5

Table legend:
 A = Non-vault XP
 B = Vault XP
 C = Vault XP percentage of total XP
 D = Non-vault monster count
 E = Vault monster count
 F = Vault count percentage of total count
                 A         B        C        D         E       F
            +---------+---------+-------+---------+---------+-------
      Total |   22625 |   12809 |  36.1 |     249 |      51 |  17.0
            +---------+---------+-------+---------+---------+-------
        D:1 |      35 |       0 |   0.0 |      18 |       0 |   0.0
        D:2 |      40 |      37 |  48.1 |      13 |       1 |   7.1
        D:3 |      68 |      23 |  25.3 |      17 |      11 |  39.3
        D:4 |     412 |       0 |   0.0 |      21 |       0 |   0.0
        D:5 |     242 |    1171 |  82.9 |       4 |       5 |  55.6
        D:6 |     485 |     425 |  46.7 |      13 |       4 |  23.5
        D:7 |     413 |       0 |   0.0 |      17 |       0 |   0.0
        D:8 |    2031 |     431 |  17.5 |      23 |       1 |   4.2
        D:9 |    1298 |    6786 |  83.9 |      17 |       6 |  26.1
       D:10 |    2051 |     253 |  11.0 |      15 |       4 |  21.1
       D:11 |    2666 |     389 |  12.7 |      24 |      14 |  36.8
     Lair:1 |    4336 |       0 |   0.0 |      21 |       0 |   0.0
     Lair:2 |     729 |    1038 |  58.7 |       6 |       1 |  14.3
     Lair:3 |    1099 |     136 |  11.0 |       6 |       1 |  14.3
     Lair:4 |    5242 |       0 |   0.0 |      18 |       0 |   0.0
      Orc:1 |     252 |       0 |   0.0 |       8 |       0 |   0.0
      Orc:2 |    1226 |    2120 |  63.4 |       8 |       3 |  27.3
            +---------+---------+-------+---------+---------+-------
